 Dungeon Crawl Stone Soup version 0.31-a0-152-g6aa68a64a1 (webtiles) character file.

Game seed: 1238158818731097085

162 Ijustatesigmund the Stinger (level 5, -4/49 HPs)
             Began as an Octopode Venom Mage on June 9, 2023.
             Slain by Crazy Yiuf
             ... wielding a +2 quarterstaff of chaos
              (9 damage)
             ... on level 5 of the Dungeon.
             The game lasted 00:07:02 (3623 turns).

Ijustatesigmund the Stinger (Octopode Venom Mage)   Turns: 3623, Time: 00:07:04

Health: -4/49      AC: 22    Str:  8    XL:     5   Next: 43%
Magic:  8/9        EV:  2    Int: 19    God:
Gold:   194        SH:  0    Dex: 12    Spells: 0/10 levels left

rFire   + . .        b - +0 war axe (flame)
rCold   + . .        (no shield)
rNeg    + . .        (helmet currently unavailable)
rPois   +            (no amulet)
rElec   +            g - ring of positive energy
rCorr   +            (no ring)
SInv    .            (no ring)
Will    .....        (no ring)
Stlth   ++           (no ring)
HPRegen 0.28/turn    (no ring)
MPRegen 0.11/turn    (no ring)
                     (no ring)

%: no passive effects
@: tree-form, resistant, invisible
A: stationary, stasis, torment immunity, boosted hp, almost no armour,
(amphibious), 8 rings, (camouflage 1), (gelatinous body 1), (nimble swimmer 1),
(tentacles)
a: no special abilities


You were on level 5 of the Dungeon.
You were a tree.
You visited 1 branch of the dungeon, and saw 5 of its levels.

You collected 194 gold pieces.

Inventory:

Hand Weapons
 b - a +0 war axe of flaming (weapon)
Armour
 j - the +0 kite shield of the Clam {Regen+ rCorr SInv}
   (You found it on level 3 of the Dungeon)

   SInv:      It lets you see invisible.
   Regen:     It increases your rate of health regeneration.
   rCorr:     It protects you from acid and corrosion.
Jewellery
 g - a ring of positive energy (left branch)
Wands
 l - a wand of paralysis (7)
Potions
 a - a potion of magic
 d - a potion of enlightenment
 f - a potion of curing
 h - 2 potions of cancellation


   Skills:
 - Level 1.0 Fighting
 + Level 0.4 Axes
 - Level 2.0 Dodging
 - Level 2.6 Stealth
 + Level 3.0 Spellcasting
 + Level 1.8 Conjurations
 - Level 1.3 Transmutations
 + Level 1.9 Air Magic
 + Level 4.7 Poison Magic


You couldn't memorise any spells.
You knew the following spells:

 Your Spells              Type           Power      Damage    Failure   Level
a - Sting                 Tmut/Pois      56%        1d5       4%          1
b - Poisonous Vapours     Pois/Air       30%        N/A       6%          2
c - Mephitic Cloud        Conj/Pois/Air  13%        N/A       14%         3
d - Olgreb's Toxic Radia  Pois           20%        N/A       22%         4

Your spell library contained the following spells:

 Spells                   Type           Power      Damage    Failure   Level
 Gell's Gravitas          Tloc           2%         N/A       41%         3
 Teleport Other           Tloc           2%         N/A       41%         3
 Dispersal                Tloc           1%         N/A       100%        6


Dungeon Overview and Level Annotations

Branches:
Dungeon (5/15)
 Temple: D:4-7

Altars:
Gozag
Qazlal

Annotations:
D:4 Grinder
D:5 Crazy Yiuf


Innate Abilities, Weirdness & Mutations

You are a tree.
Your roots penetrate the ground, keeping you stationary.
You cannot be teleported.
You are immune to unholy pain and torment.
Your maximum health is greatly increased.
You cannot wear most types of armour.
((You are amphibious.))
You can wear up to eight rings at the same time.
((Your skin changes colour to match your surroundings (Stealth+).))
((Your rubbery body absorbs attacks. (AC +1, EV +1)))
((You are camouflaged when in or above water. (Stealth+)))
((You have tentacles for arms and can constrict up to eight enemies at once.))


Message History

There is a stone staircase leading up here.
There is a stone staircase leading up here.
Found a hammer.
Found a runed translucent door.
Crazy Yiuf shouts!
Crazy Yiuf screams, "Proton toodlewoodle koolooloo!"
You open the door.
Casting: Poisonous Vapours (safe; 6% risk of failure)
Confirm with . or Enter, or press ? or * to list all spells.
Aiming: Sting (safe; 4% risk of failure)
Press: ? - help, Shift-Dir - straight line, f - Crazy Yiuf
Aim: Crazy Yiuf, wielding a +2 quarterstaff of chaos and wearing a +0 cloak (75% to hit)
The sting hits Crazy Yiuf.
Crazy Yiuf is poisoned.
Crazy Yiuf is lightly wounded.
Crazy Yiuf hits you with a +2 quarterstaff of chaos!
You are electrocuted!
* * * LOW HITPOINT WARNING * * *
Really quaff the potion of lignification?
You turn into a tree.
Your roots penetrate the ground.
Crazy Yiuf hits you but does no damage. You partially resist.
It was a potion of resistance.
You feel protected. Crazy Yiuf hits you but does no damage.
It was a potion of invisibility.
You fade into invisibility!
Crazy Yiuf hits you but does no damage.
You barely miss Crazy Yiuf.
Crazy Yiuf is moderately wounded.
Crazy Yiuf cries, "Lay!
Citrus noodlescoop alas."
Crazy Yiuf hits you but does no damage.
You feel protected.
You completely miss Crazy Yiuf.
Crazy Yiuf is moderately wounded.
Crazy Yiuf hits you but does no damage.
You hit Crazy Yiuf. You burn Crazy Yiuf.
Crazy Yiuf is heavily wounded.
Crazy Yiuf looks more healthy.
Crazy Yiuf hits you with a +2 quarterstaff of chaos.
* * * LOW HITPOINT WARNING * * *
Crazy Yiuf hits you with a +2 quarterstaff of chaos!
You die...

### ###### #)..###
##..#.## ###
#...g♣####......# ##.#
#...##..#.......###.#.
### ###.#.#.#.....###
############.#. ##.#
### #.# #.# #.# #.#
#.. ##.## ###


You could see Crazy Yiuf (unable to see you).

Vanquished Creatures
  Jessica (D:3)
  Robin (D:2)
  2 adders (D:2)
  2 worms (D:2)
  A dart slug (D:2)
  4 orcs
  A bat (D:1)
  10 endoplasms
  3 giant cockroaches
  16 goblins
  9 hobgoblins
  7 jackals
  4 quokkas
  8 ball pythons
  2 frilled lizards (D:1)
  11 kobolds
  2 rats
84 creatures vanquished.

Notes
Turn   | Place    | Note
-------+----------+-------------------------------------------
     0 | D:1      | Ijustatesigmund the Octopode Venom Mage began the quest for
                  | the Orb.
     0 | D:1      | Reached XP level 1. HP: 11/11 MP: 3/3
   260 | D:1      | Reached XP level 2. HP: 11/18 MP: 5/5
   263 | D:1      | Learned a level 2 spell: Poisonous Vapours
   662 | D:1      | Reached skill level 1 in Fighting
   692 | D:1      | Reached skill level 4 in Poison Magic
   825 | D:1      | Reached XP level 3. HP: 18/23 MP: 6/6
   830 | D:1      | Learned a level 3 spell: Mephitic Cloud
  1479 | D:2      | Reached skill level 1 in Air Magic
  1938 | D:2      | Reached XP level 4. HP: 28/28 MP: 4/7
  1981 | D:2      | Reached skill level 1 in Conjurations
  2067 | D:2      | Noticed Robin
  2085 | D:2      | Killed Robin
  2721 | D:3      | Found a stormy altar of Qazlal.
  2779 | D:3      | Found an opulent altar of Gozag.
  2788 | D:3      | Reached XP level 5. HP: 24/33 MP: 9/9
  2841 | D:3      | Found a faded altar of an unknown god.
  3095 | D:3      | Noticed Jessica
  3099 | D:3      | Killed Jessica
  3113 | D:3      | Identified the +0 kite shield "Eheidos" {Dex+4}
  3235 | D:3      | Identified the +0 kite shield of the Clam {Regen+ rCorr
                  | SInv}
  3534 | D:4      | Learned a level 4 spell: Olgreb's Toxic Radiance
  3535 | D:4      | Noticed Grinder
  3572 | D:5      | Entered Level 5 of the Dungeon
  3612 | D:5      | Found a runed translucent door.
  3613 | D:5      | Noticed Crazy Yiuf
  3623 | D:5      | Slain by Crazy Yiuf

Illustrated notes

Levels and vault maps discovered:
D:1:      ncdulo_halloftheorcs, layout_loops_corners, minmay_tetromino_i2
D:2:      kennysheep_the_goblin_king, layout_loops_cross,
          minmay_misc_feat_diagonals, uniq_robin
D:3:      layout_basic, grunt_qazlal_clouds,
          mainiacjoe_overflow_concentric_impassable, basic_ecumenical_altar,
          uniq_jessica
D:4:      minmay_skewed_foursquare, layout_basic, marbit_many_paths,
          kennysheep_generic_room_13, uniq_grinder
D:5:      layout_loops_ring, zin_purify, nicolae_wu_jian_wuxing_cycle,
          uniq_crazy_yiuf_cottage

Skill      XL: |  1  2  3  4  5 |
---------------+----------------+-----
Fighting       | 1 |  1.0
Poison Magic   | 4 |  4.7
Air Magic      | 1 |  1.9
Conjurations   | 1 |  1.8
Spellcasting   | 3 |  3.0
Axes           | |  0.4
Dodging        | |  2.0
Stealth        | |  2.6
Transmutations | |  1.3

Action                     |  1- 3 |  4- 6 || total
---------------------------+-------+-------++-------
  Melee: Short sword       |    80 |    65 ||   145
         Tentacles         |    15 |    21 ||    36
         Constrict         |    17 |    22 ||    39
         Unarmed           |     1 |       ||     1
         War axe           |       |    18 ||    18
   Cast: Poisonous Vapours |    12 |    15 ||    27
         Sting             |     1 |     1 ||     2
         Mephitic Cloud    |       |     3 ||     3
    Use: Scroll            |     2 |     7 ||     9
         Potion            |     1 |     3 ||     4
   Stab: Sleeping          |    11 |     4 ||    15
 Armour: Skin              |     8 |    10 ||    18
  Dodge: Dodged            |    47 |    48 ||    95

Table legend: (Time is in decaauts)
 A = Elapsed time spent in this place.
 B = Non-inter-level travel time spent in this place.
 C = Inter-level travel time spent in this place.
 D = Time resting spent in this place.
 E = Time spent auto-exploring this place.
 F = Levels seen in this place.
 G = Mean time per level.
                   A        B        C        D        E       F      G
               +--------+--------+--------+--------+--------+-----+--------+
         Total |   3634 |   3519 |    115 |    741 |   2227 |   5 |  726.8 |
       Dungeon |   3634 |   3519 |    115 |    741 |   2227 |   5 |  726.8 |
               +--------+--------+--------+--------+--------+-----+--------+

Top non-repeatable levels by time:
     D:2: 1419 daAuts
     D:1: 1273 daAuts
     D:3: 688 daAuts
     D:4: 202 daAuts
     D:5: 51 daAuts
